 Dungeon Crawl Stone Soup version 0.31-a0-889-g1a8549509d (webtiles) character file.

Game seed: 8016367508611857708

8414 CowFu the Frost Mage (level 11, -1/84 HPs)
             Began as a Yellow Draconian Ice Elementalist on Oct 17, 2023.
             Was a Priest of Vehumet.
             Slain by a shadow (20 damage)
             ... on level 11 of the Dungeon.
             The game lasted 00:27:07 (12086 turns).

CowFu the Frost Mage (DrIE)                        Turns: 12086, Time: 00:27:07

Health: -1/84      AC:  8    Str: 11    XL:     11   Next: 9%
Magic:  32/32      EV: 15    Int: 21    God:    Vehumet [***...]
Gold:   781        SH:  0    Dex: 12    Spells: 5/27 levels left

rFire   . . .        a - +4 quarterstaff (chaos)
rCold   + . .        (shield currently unavailable)
rNeg    . . .        (body armour unavailable)
rPois   +            (helmet restricted)
rElec   +            K - scarf "Hej Lysu" {shadows, rElec rPois rC+}
rCorr   +            (no gloves)
SInv    .            E - +0 pair of boots of the Hecatoncheires {Int+2}
Will    .....        G - amulet of magic regeneration
Stlth   ++           j - ring of magical power
HPRegen 0.34/turn    u - +4 ring of slaying
MPRegen 0.63/turn

%: no passive effects
@: no status effects
A: spit acid, AC +7, unfitting armour, cold-blooded, acid resistance
a: Breathe Acid, Renounce Religion


You were on level 11 of the Dungeon.
You worshipped Vehumet.
Vehumet was most pleased with you.
You visited 2 branches of the dungeon, and saw 12 of its levels.

You collected 781 gold pieces.

Inventory:

Hand Weapons
 a - a +4 quarterstaff of chaos (weapon)
 b - a +4 shortbow
 p - a +2 whip of freezing
Missiles
 c - 3 throwing nets
Armour
 d - a +2 cloak
 E - the +0 pair of boots of the Hecatoncheires (worn) {Int+2}
   (You found it on level 6 of the Dungeon)

   Int+2:     It affects your intelligence (+2).
 K - the scarf "Hej Lysu" (worn) {shadows, rElec rPois rC+}
   (You found it on level 11 of the Dungeon)

   rC+:       It protects you from cold.
   rElec:     It insulates you from electricity.
   rPois:     It protects you from poison
Jewellery
 j - a ring of magical power (left hand)
 n - a ring of see invisible
 s - a ring of poison resistance
 t - a ring of resist corrosion
 u - a +4 ring of slaying (right hand)
 D - a ring of flight
 F - a ring of positive energy
 G - an amulet of magic regeneration (around neck)
Wands
 x - a wand of flame (23)
 I - a wand of roots (7)
Scrolls
 h - 2 scrolls of teleportation
 k - 3 scrolls of enchant armour
 m - a scroll of amnesia
 o - 7 scrolls of noise
 H - 2 scrolls of identify
 L - a scroll of butterflies
Potions
 f - 3 potions of curing
 g - 3 potions of brilliance {unknown}
 i - a potion of magic
 l - a potion of degeneration {unknown}
 q - a potion of ambrosia {unknown}
 r - a potion of cancellation {unknown}
 v - 3 potions of berserk rage {unknown}
 w - 4 potions of enlightenment {unknown}
 y - 2 potions of lignification {unknown}
 z - a potion of mutation {unknown}
 A - 2 potions of resistance {unknown}
 B - a potion of attraction {unknown}
 C - 2 potions of haste {unknown}
 J - a potion of heal wounds {unknown}


   Skills:
 - Level 4.0 Fighting
 + Level 9.0 Dodging
 - Level 1.7 Stealth
 + Level 8.9 Spellcasting
 + Level 11.1 Ice Magic


You had 5 spell levels left.
You knew the following spells:

 Your Spells              Type           Power      Damage    Failure   Level
a - Freeze                Ice            100%       1d10      1%          1
b - Frozen Ramparts       Ice            100%       1d16      1%          3
c - Ozocubu's Armour      Ice            54%        N/A       1%          3
d - Summon Ice Beast      Ice/Summ       32%        N/A       8%          4
e - Metabolic Englaciati  Hex/Ice        16%        N/A       21%         5
f - Simulacrum            Ice/Necr       16%        N/A       75%         6

Your spell library contained the following spells:

 Spells                   Type           Power      Damage    Failure   Level
 Volatile Blastmotes      Fire/Tloc      18%        2d11      6%          3
 Sandblast                Erth           18%        2d7       2%          1
 Scorch                   Fire           18%        2d5       3%          2
 Stone Arrow              Conj/Erth      18%        3d8       6%          3
 Passwall                 Tmut/Erth      7%         N/A       11%         2
 Brom's Barrelling Bould  Conj/Erth      9%         2d3       19%         4
 Flame Wave               Conj/Fire      9%         2d6       19%         4
 Summon Cactus Giant      Summ           4%         N/A       100%        6
 Malign Gateway           Summ/Tloc      4%         N/A       100%        7
 Summon Horrible Things   Summ           4%         N/A       100%        8


Dungeon Overview and Level Annotations

Branches:
Dungeon (11/15)            Temple (1/1) D:4            Lair (0/5) D:10
    Orc: D:9-12

Altars:
Ashenzari
Cheibriados
Dithmenos
Elyvilon
Fedhas
Gozag
Hepliaklqana
Kikubaaqudgha
Makhleb
Nemelex Xobeh
Okawaru
Qazlal
Ru
Sif Muna
Trog
Uskayaw
Vehumet
Wu Jian
Xom
Yredelemnul
Zin
The Shining One

Portals:
Trove: D:10 (give 8 potions of haste)

Annotations:
D:3 3 runed translucent doors, hgbash's ghost, amateur TrSh


Innate Abilities, Weirdness & Mutations

You can spit globs of acid.
Your golden yellow scales are hard. (AC +7)
You cannot fit into any form of body armour.
You are cold-blooded and may be slowed by cold attacks.
You are resistant to acid. (rCorr)


Message History

The shadow slips into darkness.
The shadow flickers and vanishes!
Deactivating autopickup; reactivate with Ctrl-A.
The wall freezes the kobold demonologist.
The kobold demonologist gestures wildly while chanting.
The ufetubus completely resists.
The wall freezes the ufetubus but does no damage.
The ufetubus misses you. The ufetubus completely misses you.
The hellwing closely misses you.
The hellwing hits you but does no damage.
Okay, then.
As you read the scroll of fear, it crumbles to dust.
You assume a fearsome visage.
The hellwing looks frightened!
The ufetubus looks frightened! x2; The quasit looks frightened!
The kobold demonologist looks frightened!
The kobold looks frightened! x2
The kobold demonologist resists with some effort.
The kobold looks frightened! x3; The frozen ramparts melt away.
The shadow strikes at you from the darkness!
Reactivating autopickup.
Your icy armour cracks and falls away as you move.
The kobold demonologist casts a cantrip, but nothing happens.
The shadow completely misses you.
The kobold demonologist looks satisfied for a moment.
The shadow attacks as it pursues you! The shadow hits you!
* * * LOW HITPOINT WARNING * * *
The kobold demonologist looks satisfied for a moment.
The hellwing seems to regain its courage.
The shadow slips into darkness.
The shadow flickers and vanishes!
Deactivating autopickup; reactivate with Ctrl-A.
The hellwing hits you.
* * * LOW HITPOINT WARNING * * *
The hellwing barely misses you.
There is a stone staircase leading up, spattered with blood here.
The kobold demonologist casts a spell.
The hellwing closely misses you.
The hellwing hits you but does no damage.
The shadow strikes at you from the darkness!
You die...

#...........#
########...........#.
##.....#....K...^.K...
###................^..#.
#..........[............
#.......................
#.......................
#.........4.............
#..<......@...........#.
#.....................#
###.............#######
##.....#.....##
#############


You could see a hellwing (summoned) and a kobold demonologist.

Vanquished Creatures
  2 two-headed ogres (D:8)
  Pikel (D:7)
  An unseen horror (D:10)
  A troll (D:10)
  Prince Ribbit (D:7)
  2 shadows
  A wyvern (D:8)
  A wraith (D:9)
  10 yaks
  A steam dragon (D:8)
  4 vampire mosquitoes
  2 ice beasts
  A black bear (D:8)
  3 orc warriors
  2 ogres (D:4)
  5 centaurs
  2 lemures (D:7)
  4 kobold brigands
  2 bullfrogs
  Blork the orc (D:5)
  2 scorpions
  A gnoll sergeant (D:10)
  8 wights
  3 killer bees (D:9)
  2 electric eels (D:6)
  5 howler monkeys
  2 orc priests (D:7)
  Crazy Yiuf (D:4)
  2 gnoll boudas
  3 hounds
  5 iguanas
  3 orc wizards
  A mummy (D:4)
  15 gnolls
  9 adders
  2 shadow imps
  2 white imps
  2 ufetubi (D:6)
  6 dart slugs
  27 orcs
  4 ball pythons
  9 bats
  2 bat zombies (D:5)
  5 endoplasms
  4 giant cockroaches
  15 goblins
  12 hobgoblins
  3 jackals (D:4)
  27 kobolds
  2 quokkas (D:1)
  A frilled lizard (D:1)
  2 goblin skeletons (D:8)
  3 goblin zombies (D:8)
  3 hobgoblin zombies (D:4)
  A kobold zombie (D:8)
  An orc skeleton (D:8)
  2 orc zombies
  6 rats
250 creatures vanquished.

Vanquished Creatures (collateral kills)
  A gnoll sergeant (D:9)
  A gnoll (D:9)
2 creatures vanquished.

Vanquished Creatures (others)
  A goblin zombie (D:8)
  A kobold zombie (D:8)
2 creatures vanquished.

Grand Total: 254 creatures vanquished

Notes
Turn   | Place    | Note
-------+----------+-------------------------------------------
     0 | D:1      | CowFu the Draconian Ice Elementalist began the quest for
                  | the Orb.
     0 | D:1      | Reached XP level 1. HP: 14/14 MP: 3/3
   113 | D:1      | Reached XP level 2. HP: 12/20 MP: 0/5
   398 | D:1      | Reached skill level 5 in Ice Magic
   400 | D:1      | Reached XP level 3. HP: 22/26 MP: 6/6
   658 | D:1      | Learned a level 3 spell: Frozen Ramparts
  1816 | D:2      | Found a white marble altar of Elyvilon.
  1865 | D:2      | Reached XP level 4. HP: 33/33 MP: 7/7
  2397 | D:3      | Reached skill level 6 in Ice Magic
  2496 | D:3      | Found a runed translucent gate.
  2496 | D:3      | Found a runed translucent gate.
  2496 | D:3      | Found a runed translucent gate.
  2854 | D:3      | Found a faded altar of an unknown god.
  2935 | D:3      | Noticed hgbash's ghost (amateur TrSh)
  3156 | D:4      | Noticed a bullfrog
  3162 | D:4      | Killed a bullfrog
  3163 | D:4      | Reached XP level 5. HP: 29/38 MP: 8/8
  3252 | D:4      | Found a glowing silver altar of Zin.
  3334 | D:4      | Reached skill level 7 in Ice Magic
  3426 | D:4      | Noticed an ogre
  3443 | D:4      | Killed an ogre
  3444 | D:4      | Reached skill level 1 in Fighting
  3444 | D:4      | Reached XP level 6. HP: 18/47 MP: 9/9
  3569 | D:4      | Found a sacrificial altar of Ru.
  3688 | D:4      | Found a shimmering altar of Xom.
  3795 | D:4      | Found a runed translucent door.
  3796 | D:4      | Noticed Crazy Yiuf
  3896 | D:4      | Found a snail-covered altar of Cheibriados.
  3913 | D:4      | Found a broken altar of Ashenzari.
  3981 | D:4      | Found a staircase to the Ecumenical Temple.
  4084 | D:4      | Learned a level 3 spell: Ozocubu's Armour
  4198 | D:4      | Found an iron altar of Okawaru.
  4275 | Temple   | Entered the Ecumenical Temple
  4432 | D:4      | Killed Crazy Yiuf
  4515 | D:5      | Entered Level 5 of the Dungeon
  4598 | D:5      | Your scales start taking on a golden yellow colour.
  4598 | D:5      | Reached XP level 7. HP: 42/56 MP: 11/11
  4598 | D:5      | Gained mutation: You are resistant to acid. (rCorr) [Yellow
                  | Draconian growth]
  4691 | D:5      | Found an ornate altar of the Wu Jian Council.
  5375 | D:5      | Noticed Blork the orc
  5383 | D:5      | Killed Blork the orc
  5666 | D:5      | Found an ancient bone altar of Kikubaaqudgha.
  5904 | D:5      | Learned a level 4 spell: Summon Ice Beast
  6383 | D:6      | Found a radiant altar of Vehumet.
  6387 | D:6      | Reached XP level 8. HP: 65/66 MP: 14/14
  6394 | D:6      | Became a worshipper of Vehumet
  6453 | D:6      | Identified the +0 pair of boots of the Hecatoncheires
                  | {Int+2}
  7280 | D:7      | Noticed Pikel
  7293 | D:7      | Killed Pikel
  7294 | D:7      | Reached skill level 5 in Dodging
  7294 | D:7      | Reached skill level 5 in Spellcasting
  7294 | D:7      | Reached skill level 8 in Ice Magic
  7635 | D:7      | Noticed Prince Ribbit
  7640 | D:7      | Reached XP level 9. HP: 67/71 MP: 17/17
  7647 | D:7      | Killed Prince Ribbit
  9178 | D:8      | Reached * piety under Vehumet
  9178 | D:8      | Offered knowledge of Sandblast by Vehumet.
  9196 | D:8      | Found a glowing golden altar of the Shining One.
  9526 | D:8      | Reached skill level 9 in Ice Magic
  9631 | D:8      | Noticed a two-headed ogre
  9648 | D:8      | Killed a two-headed ogre
  9648 | D:8      | Offered knowledge of Momentum Strike by Vehumet.
  9649 | D:8      | Reached XP level 10. HP: 78/78 MP: 21/21
 10244 | D:8      | Noticed a two-headed ogre
 10251 | D:8      | Reached skill level 10 in Ice Magic
 10251 | D:8      | Killed a two-headed ogre
 10393 | D:9      | Reached ** piety under Vehumet
 10658 | D:9      | Found a shimmering blue altar of Sif Muna.
 10684 | D:9      | Found an opulent altar of Gozag.
 11012 | D:10     | Entered Level 10 of the Dungeon
 11115 | D:10     | Learned a level 5 spell: Metabolic Englaciation
 11122 | D:10     | Learned a level 6 spell: Simulacrum
 11328 | D:10     | Found a staircase to the Lair.
 11409 | D:10     | Found a portal to a secret trove of treasure.
 11605 | D:10     | Found a hazy altar of Hepliaklqana.
 11759 | D:10     | Found a stormy altar of Qazlal.
 11853 | D:10     | Offered knowledge of Volatile Blastmotes by Vehumet.
 11854 | D:10     | Reached XP level 11. HP: 83/84 MP: 23/23
 11869 | D:10     | Reached skill level 11 in Ice Magic
 12000 | D:10     | You fall into a shaft and drop 1 floor!
 12006 | D:11     | Identified the scarf "Hej Lysu" {shadows, rElec rPois rC+}
 12070 | D:11     | Reached *** piety under Vehumet
 12086 | D:11     | Slain by a shadow

Illustrated notes

Levels and vault maps discovered:
D:1:      psy_arrival_basics, layout_rooms, minmay_misc_feat_tiny,
          nicolae_concentric_dashed_squares_mild
D:2:      layout_basic, basic_altar, minmay_pentomino_q2
D:3:      layout_basic, shapermc_ecumenical_altar_petra,
          ebering_ghost_rock_garden, st_stairs_3, guppyfry_early_orc_mine
D:4:      layout_basic, kennysheep_slug_shrine, overflow_temple_1_default,
          okawaru_altar_gauntlet_db, mainiacjoe_overflow_concentric_impassable,
          lemuel_coloured_pillars_altar, evilmike_ruin_ashenzari,
          minmay_temple_entry_glassed_door, minmay_mini_ossuary,
          uniq_crazy_yiuf_cottage
D:5:      layout_loops_corners, nicolae_overflow_crystal_walls,
          lemuel_zombie_altar_kikubaaqudgha, uniq_blork_the_orc
D:6:      layout_loops_ring, nicolae_vehumet_radiance, serial_bayou,
          serial_bayou_shore_b, serial_bayou_pond_d, serial_bayou_shore_a,
          serial_bayou_pond_a
D:7:      layout_layer_cave, uniq_prince_ribbit1, uniq_pikel
D:8:      layout_gridville, nicolae_tso_besieged_by_evil,
          minmay_shattered_shrine
D:9:      layout_roguey, lemuel_blue_sif_altar, grunt_gozag_breadcrumbs
D:10:     layout_small_grid, mainiacjoe_overflow_alcove_2,
          mainiacjoe_overflow_brackets, lair_entry_dummy, enter_trove_0
D:11:     layout_rooms, orc_0_dummy
Temple:   hellmonk_temple_forest_ring

Skill      XL: |  1  2  3  4  5  6  7  8  9 10 11 |
---------------+----------------------------------+-----
Ice Magic      | 5 6 7 8 9 10 11 | 11.1
Fighting       | 1 2 4 |  4.0
Dodging        | 2 3 4 5 7 8 9 |  9.0
Spellcasting   | 3 4 5 7 8 |  8.9
Stealth        | |  1.7

Action                     |  1- 3 |  4- 6 |  7- 9 | 10-12 || total
---------------------------+-------+-------+-------+-------++-------
  Melee: Unarmed           |    11 |       |       |       ||    11
         Tailslap          |     3 |     6 |    12 |     4 ||    25
         Dagger            |    29 |    49 |       |       ||    78
         Punch             |       |     1 |       |       ||     1
         Quarterstaff      |       |       |   114 |    72 ||   186
   Fire: Shortbow          |       |       |    11 |     2 ||    13
   Cast: Freeze            |    58 |    31 |    52 |     4 ||   145
         Frozen Ramparts   |       |    17 |    44 |    24 ||    85
         Ozocubu's Armour  |       |       |    11 |    13 ||    24
         Summon Ice Beast  |       |       |       |     3 ||     3
Ability: Breathe Acid      |       |       |     2 |     1 ||     3
    Use: Scroll            |       |       |     8 |     3 ||    11
   Stab: Confused          |       |       |     1 |       ||     1
 Armour: Skin              |    70 |    47 |   135 |    94 ||   346
  Dodge: Dodged            |    68 |    47 |   166 |   107 ||   388

Table legend: (Time is in decaauts)
 A = Elapsed time spent in this place.
 B = Non-inter-level travel time spent in this place.
 C = Inter-level travel time spent in this place.
 D = Time resting spent in this place.
 E = Time spent auto-exploring this place.
 F = Levels seen in this place.
 G = Mean time per level.
                   A        B        C        D        E       F      G
               +--------+--------+--------+--------+--------+-----+--------+
         Total |  12175 |  11632 |    543 |     25 |   9786 |  12 | 1014.6 |
       Dungeon |  12173 |  11631 |    542 |     25 |   9786 |  11 | 1106.6 |
        Temple |      1 |      0 |      1 |      0 |      0 |   1 |    1.0 |
               +--------+--------+--------+--------+--------+-----+--------+

Top non-repeatable levels by time:
     D:7: 1838 daAuts
     D:5: 1484 daAuts
     D:4: 1382 daAuts
     D:6: 1336 daAuts
     D:2: 1252 daAuts
     D:8: 1247 daAuts
    D:10: 998 daAuts
     D:1: 995 daAuts
     D:3: 882 daAuts
     D:9: 667 daAuts
    D:11: 89 daAuts
  Temple: 1 daAuts
